NCAA
TEXAS LONGHORNS @ MINNESOTA GOLDEN GOPHERS
05/14/2029
 
TOP OF THE 1ST
Texas Longhorns batting - Pitching for Minnesota Golden Gophers : LHP José Herrera
Pitching: LHP José Herrera
Batting: RHB Norm Martin 0-0: Called Strike
0-1: Swinging Strike
0-2: Ball
1-2: Ball
2-2: Ball
3-2: Strikes out swinging
Batting: LHB Bill Turner 0-0: Ball
1-0: Called Strike
1-1: Foul Ball, location: 2F
1-2: SINGLE (Groundball, 34D)
Batting: SHB Del McNeill 0-0: Fly out, F9 (Flyball, 9)
Batting: RHB Owen Grant 0-0: Reached on error, E6 (Groundball, 6)
Bill Turner to second
Batting: LHB Matt Turner 0-0: Called Strike
0-1: Ball
1-1: Fielders Choice at 2nd, 6-4 (Groundball, 6)
Top of the 1st over - 0 runs, 1 hit, 1 error, 2 left on base; Texas 0 - Minnesota 0
BOTTOM OF THE 1ST
Minnesota Golden Gophers batting - Pitching for Texas Longhorns : RHP Jeff Finley
Pitching: RHP Jeff Finley
Batting: SHB Enrique Stevenson 0-0: Ball
1-0: SINGLE (Groundball, 34D)
Batting: RHB Travis Alexander 0-0: Ball
Enrique Stevenson steals 2nd base
1-0: Called Strike
1-1: Swinging Strike
1-2: Ball
2-2: SINGLE (Groundball, 6D)
Enrique Stevenson to third
Runner from 3rd tries for Home, SAFE, throw made home
Travis Alexander to second
Batting: LHB Will Rhodes 0-0: Ground out 4-3 (Groundball, 4)
Travis Alexander to third
Batting: LHB Arturo Nieves 0-0: Called Strike
0-1: Foul Ball, location: 2F
0-2: Foul Ball, location: 2F
0-2: Strikes out swinging
Batting: LHB Emory Lawson 0-0: Ball
1-0: Swinging Strike
1-1: Ball
2-1: Foul Ball, location: 2F
2-2: Foul Ball, location: 2F
2-2: Ball
3-2: Foul Ball, location: 2F
3-2: Strikes out looking
Bottom of the 1st over - 1 run, 2 hits, 0 errors, 1 left on base; Texas 0 - Minnesota 1
TOP OF THE 2ND
Texas Longhorns batting - Pitching for Minnesota Golden Gophers : LHP José Herrera
Batting: RHB Curtis Lawson 0-0: Ball
1-0: Fly out, F8 (Flyball, 8LS)
Batting: LHB Jim Davis 0-0: Foul Ball, location: 2F
0-1: Swinging Strike
0-2: Ball
1-2: Strikes out swinging
Batting: RHB William Gilmore 0-0: Foul Ball, location: 2F
0-1: SINGLE (Line Drive, 8LM)
Batting: RHB Frank Music 0-0: Called Strike
William Gilmore steals 2nd base
0-1: Swinging Strike
0-2: Strikes out swinging
Top of the 2nd over - 0 runs, 1 hit, 0 errors, 1 left on base; Texas 0 - Minnesota 1
BOTTOM OF THE 2ND
Minnesota Golden Gophers batting - Pitching for Texas Longhorns : RHP Jeff Finley
Batting: RHB Jorge Morán 0-0: Called Strike
0-1: Swinging Strike
0-2: Strikes out looking
Batting: LHB Bob Jensen 0-0: Called Strike
0-1: Ground out 5-3 (Groundball, 56S)
Batting: RHB Joseph Brown 0-0: Ball
1-0: Ball
2-0: SOLO HOME RUN (Flyball, 7LD), Distance : 332 ft
Batting: RHB Duane Clarke 0-0: Ball
1-0: Called Strike
1-1: Called Strike
1-2: Ball
2-2: Foul Ball, location: 2F
2-2: Foul Ball, location: 2F
2-2: Ball
3-2: Hit by Pitch
Batting: SHB Enrique Stevenson 0-0: Ball
1-0: Called Strike
1-1: Called Strike
1-2: Fly out, F7 (Flyball, 7S)
Bottom of the 2nd over - 1 run, 1 hit, 0 errors, 1 left on base; Texas 0 - Minnesota 2
TOP OF THE 3RD
Texas Longhorns batting - Pitching for Minnesota Golden Gophers : LHP José Herrera
Batting: RHB Norm Martin 0-0: Foul Ball, location: 2F
0-1: Swinging Strike
0-2: Ball
1-2: Strikes out swinging
Batting: LHB Bill Turner 0-0: Ball
1-0: Ball
2-0: Ball
3-0: Called Strike
3-1: Called Strike
3-2: Base on Balls
Batting: SHB Del McNeill 0-0: Fly out, F9 (Flyball, 89D)
Batting: RHB Owen Grant 0-0: Foul Ball, location: 2F
0-1: Ball
1-1: Swinging Strike
1-2: Strikes out swinging
Top of the 3rd over - 0 runs, 0 hits, 0 errors, 1 left on base; Texas 0 - Minnesota 2
BOTTOM OF THE 3RD
Minnesota Golden Gophers batting - Pitching for Texas Longhorns : RHP Jeff Finley
Batting: RHB Travis Alexander 0-0: Fly out, F8 (Line Drive, 8RD)
Batting: LHB Will Rhodes 0-0: Called Strike
0-1: Ball
1-1: Ball
2-1: Foul Ball, location: 2F
2-2: Foul Ball, location: 2F
2-2: DOUBLE (Flyball, 78D)
Batting: LHB Arturo Nieves 0-0: Ball
1-0: Foul Ball, location: 2F
1-1: Ball
2-1: Swinging Strike
2-2: Foul Ball, location: 2F
2-2: Strikes out swinging
Batting: LHB Emory Lawson 0-0: Ball
1-0: Foul Ball, location: 2F
1-1: Called Strike
1-2: Foul Ball, location: 2F
1-2: Ball
2-2: Foul Ball, location: 2F
2-2: Foul Ball, location: 2F
2-2: Ball
3-2: Base on Balls
Batting: RHB Jorge Morán 0-0: Ball
1-0: SINGLE (Groundball, 34D)
Will Rhodes to third
Emory Lawson to second
Runner from 3rd tries for Home, SAFE, throw made home
Batting: LHB Bob Jensen 0-0: Foul Ball, location: 2F
0-1: Foul Ball, location: 2F
0-2: Foul Ball, location: 2F
0-2: Ball
1-2: Ball
2-2: 3-RUN HOME RUN (Flyball, 9D), Distance : 364 ft
Pitching: RHP Matt Harrison
Batting: RHB Joseph Brown 0-0: Ball
1-0: Swinging Strike
1-1: Fly out, F8 (Flyball, 8RM)
Bottom of the 3rd over - 4 runs, 3 hits, 0 errors, 0 left on base; Texas 0 - Minnesota 6
TOP OF THE 4TH
Texas Longhorns batting - Pitching for Minnesota Golden Gophers : LHP José Herrera
Batting: LHB Matt Turner 0-0: Ball
1-0: Fly out, F7 (Flyball, 7LS)
Batting: RHB Curtis Lawson 0-0: Ball
1-0: Called Strike
1-1: Called Strike
1-2: Strikes out swinging
Batting: LHB Jim Davis 0-0: Ball
1-0: SOLO HOME RUN (Flyball, 9D), Distance : 357 ft
Batting: RHB William Gilmore 0-0: Ground out 6-3 (Groundball, 6)
Top of the 4th over - 1 run, 1 hit, 0 errors, 0 left on base; Texas 1 - Minnesota 6
BOTTOM OF THE 4TH
Minnesota Golden Gophers batting - Pitching for Texas Longhorns : RHP Matt Harrison
Batting: RHB Duane Clarke 0-0: Ground out 6-3 (Groundball, 56)
Batting: SHB Enrique Stevenson 0-0: Foul Ball, location: 2F
0-1: SINGLE (Line Drive, 34)
Batting: RHB Travis Alexander 0-0: Ball
1-0: Called Strike
1-1: Called Strike
Enrique Stevenson steals 2nd base
1-2: Ball
2-2: Foul Ball, location: 2F
2-2: Ball
3-2: Strikes out swinging
Batting: LHB Will Rhodes 0-0: Called Strike
0-1: Foul Ball, location: 2F
0-2: Ball
1-2: Ball
2-2: Strikes out swinging
Bottom of the 4th over - 0 runs, 1 hit, 0 errors, 1 left on base; Texas 1 - Minnesota 6
TOP OF THE 5TH
Texas Longhorns batting - Pitching for Minnesota Golden Gophers : LHP José Herrera
Batting: RHB Frank Music 0-0: Called Strike
0-1: Foul Ball, location: 2F
0-2: Ball
1-2: Fly out, F8 (Flyball, 8LD)
Batting: RHB Norm Martin 0-0: Called Strike
0-1: Fly out, F7 (Flyball, 7)
Batting: LHB Bill Turner 0-0: Fly out, F3 (Line Drive, 3L)
Top of the 5th over - 0 runs, 0 hits, 0 errors, 0 left on base; Texas 1 - Minnesota 6
BOTTOM OF THE 5TH
Minnesota Golden Gophers batting - Pitching for Texas Longhorns : RHP Matt Harrison
Batting: LHB Arturo Nieves 0-0: Ball
1-0: Called Strike
1-1: Ground out 4-3 (Groundball, 4)
Batting: LHB Emory Lawson 0-0: Swinging Strike
0-1: Foul Ball, location: 2F
0-2: Ball
1-2: Strikes out swinging
Batting: RHB Jorge Morán 0-0: Called Strike
0-1: Ball
1-1: Ball
2-1: Foul Ball, location: 2F
2-2: Strikes out swinging
Bottom of the 5th over - 0 runs, 0 hits, 0 errors, 0 left on base; Texas 1 - Minnesota 6
TOP OF THE 6TH
Texas Longhorns batting - Pitching for Minnesota Golden Gophers : LHP José Herrera
Batting: SHB Del McNeill 0-0: Fly out, F8 (Flyball, 78D)
Batting: RHB Owen Grant 0-0: Ball
1-0: Ground out 5-3 (Groundball, 5)
Batting: LHB Matt Turner 0-0: Ball
1-0: Called Strike
1-1: Fly out, F7 (Flyball, 78D)
Top of the 6th over - 0 runs, 0 hits, 0 errors, 0 left on base; Texas 1 - Minnesota 6
BOTTOM OF THE 6TH
Minnesota Golden Gophers batting - Pitching for Texas Longhorns : RHP Matt Harrison
Batting: LHB Bob Jensen 0-0: Ball
1-0: Called Strike
1-1: Fly out, F8 (Line Drive, 8RD)
Batting: RHB Joseph Brown 0-0: Called Strike
0-1: SINGLE (Line Drive, 89M)
Batting: RHB Duane Clarke 0-0: Ball
1-0: Called Strike
1-1: Swinging Strike
1-2: Ball
2-2: Strikes out swinging
Batting: SHB Enrique Stevenson 0-0: Called Strike
0-1: Called Strike
0-2: Ball
Wild Pitch!
Joseph Brown to second
1-2: Reached on error, E4 (Line Drive, 4)
Joseph Brown to third
Batting: RHB Travis Alexander 0-0: Called Strike
0-1: SINGLE (Line Drive, 7S)
Joseph Brown scores
Enrique Stevenson to second
Batting: LHB Will Rhodes 0-0: Ball
1-0: Fly out, F9 (Flyball, 9S)
Bottom of the 6th over - 1 run, 2 hits, 1 error, 2 left on base; Texas 1 - Minnesota 7
TOP OF THE 7TH
Texas Longhorns batting - Pitching for Minnesota Golden Gophers : LHP José Herrera
Batting: RHB Curtis Lawson 0-0: Ball
1-0: Foul Ball, location: 2F
1-1: Foul Ball, location: 2F
1-2: Foul Ball, location: 2F
1-2: Ball
2-2: Strikes out looking
Batting: LHB Jim Davis 0-0: Ball
1-0: Ball
2-0: Ball
3-0: Called Strike
3-1: Called Strike
3-2: Strikes out swinging
Batting: RHB William Gilmore 0-0: Ball
1-0: Foul Ball, location: 2F
1-1: Ball
2-1: Swinging Strike
2-2: Ball
3-2: Strikes out looking
Top of the 7th over - 0 runs, 0 hits, 0 errors, 0 left on base; Texas 1 - Minnesota 7
BOTTOM OF THE 7TH
Minnesota Golden Gophers batting - Pitching for Texas Longhorns : RHP Matt Harrison
Batting: LHB Arturo Nieves 0-0: Called Strike
0-1: Hit by Pitch
Batting: LHB Emory Lawson Pickoff Throw to First - Error! E1
Arturo Nieves to second
0-0: Called Strike
Arturo Nieves is caught stealing 3rd base
0-1: Ball
1-1: Foul Ball, location: 2F
1-2: Foul Ball, location: 2F
1-2: Foul Ball, location: 2F
1-2: Ground out 6-3 (Groundball, 6)
Batting: RHB Jorge Morán 0-0: Ball
1-0: Foul Ball, location: 2F
1-1: Ball
2-1: Ground out 4-3 (Groundball, 4)
Bottom of the 7th over - 0 runs, 0 hits, 1 error, 0 left on base; Texas 1 - Minnesota 7
TOP OF THE 8TH
Texas Longhorns batting - Pitching for Minnesota Golden Gophers : LHP José Herrera
Pitching: RHP Nick Hanson
Batting: RHB Frank Music 0-0: Called Strike
0-1: Called Strike
0-2: Strikes out swinging
Batting: RHB Norm Martin 0-0: Ball
1-0: Foul Ball, location: 2F
1-1: Called Strike
1-2: Ball
2-2: Foul Ball, location: 2F
2-2: Ground out 6-3 (Groundball, 6)
Batting: LHB Bill Turner 0-0: Ball
1-0: Called Strike
1-1: Called Strike
1-2: Foul Ball, location: 2F
1-2: Ball
2-2: DOUBLE (Groundball, 3L)
Batting: SHB Del McNeill 0-0: Called Strike
0-1: Ball
1-1: Ball
2-1: Called Strike
2-2: Ball
3-2: Base on Balls
Batting: RHB Owen Grant 0-0: Swinging Strike
0-1: Swinging Strike
0-2: Foul Ball, location: 2F
0-2: Ball
1-2: Strikes out swinging
Top of the 8th over - 0 runs, 1 hit, 0 errors, 2 left on base; Texas 1 - Minnesota 7
BOTTOM OF THE 8TH
Minnesota Golden Gophers batting - Pitching for Texas Longhorns : RHP Matt Harrison
Batting: LHB Bob Jensen 0-0: Ball
1-0: Ground out U3 (Groundball, 3)
Batting: RHB Joseph Brown 0-0: Ball
1-0: Ground out 1-3 (Groundball, 15S)
Batting: RHB Duane Clarke 0-0: Called Strike
0-1: Ball
1-1: Ball
2-1: Foul Ball, location: 2F
2-2: Ground out 6-3 (Groundball, 6)
Bottom of the 8th over - 0 runs, 0 hits, 0 errors, 0 left on base; Texas 1 - Minnesota 7
TOP OF THE 9TH
Texas Longhorns batting - Pitching for Minnesota Golden Gophers : RHP Nick Hanson
Batting: LHB Matt Turner 0-0: Ground out 3-1 (Groundball, 34S)
Batting: RHB Curtis Lawson 0-0: Ball
1-0: Ball
2-0: Swinging Strike
2-1: Ball
3-1: Base on Balls
Batting: LHB Jim Davis 0-0: Ball
1-0: Fly out, F4 (Flyball, 34D)
Batting: RHB William Gilmore 0-0: Called Strike
0-1: Ball
1-1: Ball
2-1: Called Strike
2-2: Strikes out swinging
Top of the 9th over - 0 runs, 0 hits, 0 errors, 1 left on base; Texas 1 - Minnesota 7
Saturday, December 16th, 2017 - OOTP Baseball 18.8 Build 76